 Dungeon Crawl Stone Soup version 0.25.0-1-g7eea58d (webtiles) character file.

Game seed: 1670634784243057990

2842 unekdoud the Slasher (level 9, -5/68 HPs)
             Began as a Demonspawn Gladiator on June 19, 2020.
             Was a Follower of Qazlal.
             Slain by a warg (11 damage)
             ... on level 7 of the Dungeon.
             The game lasted 01:04:36 (9872 turns).

unekdoud the Slasher (Demonspawn Gladiator)         Turns: 9872, Time: 01:04:37

Health: -5/68      AC: 19    Str: 16      XL:     9   Next: 46%
Magic:  9/9        EV:  7    Int:  9 (10) God:    Qazlal [*.....]
Gold:   518        SH:  1    Dex: 16      Spells: 8/8 levels left

rFire    + + .     SeeInvis .   B - +8 falchion (vorpal)
rCold    x . .     Gourm    .   (no shield)
rNeg     . . .     Faith    .   D - +0 plate armour
rPois    .         Spirit   .   b - +0 helmet
rElec    .         Reflect  .   H - +0 cloak
rCorr    .         Harm     .   (no gloves)
MR       .....                  i - +1 pair of boots
Stlth    ..........             n - amulet of magic regeneration
HPRegen  0.21/turn              y - ring of fire
MPRegen  0.36/turn              (no ring)

@: marked
A: thin metallic scales 1, fire resistance 1, flame cloud immunity
a: Renounce Religion


You were on level 7 of the Dungeon.
You worshipped Qazlal.
Qazlal was aware of your devotion.
You were not hungry.

You visited 2 branches of the dungeon, and saw 9 of its levels.
You also visited: Sewer.

You collected 518 gold pieces.

Inventory:

Hand Weapons
 h - a +4 shortbow
 l - a +0 hand crossbow
 o - a +0 hunting sling
 p - a +0 short sword
 s - a +1 flail of protection
 x - a +0 trident
 z - a +0 battleaxe
 B - a +8 vorpal falchion (weapon)
 L - a +0 war axe
 Q - a +0 whip of electrocution
Missiles
 d - 4 throwing nets (quivered)
 m - 94 arrows
 q - 179 stones
 r - 38 bolts
 C - 13 poisoned darts
 G - 80 sling bullets
 J - 3 atropa-tipped darts
 N - 14 boomerangs
Armour
 b - a +0 helmet (worn)
 i - a +1 pair of boots (worn)
 D - a +0 plate armour (worn)
 H - a +0 cloak (worn)
Jewellery
 g - an uncursed amulet of the acrobat {unknown}
 n - an amulet of magic regeneration (around neck)
 y - a ring of fire (left hand)
Wands
 v - a wand of flame (14)
 I - a wand of random effects (18)
Scrolls
 a - 2 scrolls of fog
 c - a scroll of identify
 k - a scroll of teleportation
 A - 2 scrolls of remove curse
 F - a scroll of amnesia
 P - a scroll of magic mapping
Potions
 e - a potion of invisibility
 j - a potion of magic {unknown}
 t - 3 potions of flight
 u - a potion of heal wounds {unknown}
 E - a potion of haste {unknown}
 K - a potion of might
 O - a potion of lignification {unknown}
Comestibles
 f - 10 rations


   Skills:
 + Level 5.4 Fighting
 + Level 6.9 Long Blades
 + Level 4.2 Polearms
 + Level 1.7 Throwing
 + Level 5.5 Armour
 + Level 5.2 Dodging
 + Level 2.9 Stealth


You had 8 spell levels left.
You didn't know any spells.
Your spell library contained the following spells:

 Spells                   Type           Power        Failure   Level  Hunger
 Sublimation of Blood     Necr           #.........   100%        2    ###....
 Ignite Poison            Fire/Tmut/Pois #.......     100%        3    ####...
 Petrify                  Tmut/Erth      #.......     100%        4    #####..
 Alistair's Intoxication  Tmut/Pois      #.......     100%        5    ######.
 Irradiate                Conj/Tmut      #.........   100%        5    ######.
 Eringya's Noxious Bog    Tmut/Pois      #.........   100%        6    #######


Dungeon Overview and Level Annotations

Branches:
Dungeon (8/15)             Temple (1/1) D:6           Sewer (visited)
   Lair: D:8-11

Altars:
Ashenzari
Cheibriados
Dithmenos
Elyvilon
Fedhas
Gozag
Hepliaklqana
Kikubaaqudgha
Nemelex Xobeh
Okawaru
Qazlal
Trog
Wu Jian
Xom
Yredelemnul
Zin
The Shining One

Shops:
D:4 *


Innate Abilities, Weirdness & Mutations

You are partially covered in thin metallic scales. (AC +2)
Your flesh is heat resistant. (rF+)
You are immune to clouds of flame.


Message History

The warg barely misses you.
You riposte.
You slash the warg!
The warg is moderately wounded.
The orc priest begins to cast a cantrip, but forgets the words!
You slash the orc priest!
The orc priest is almost dead.
The warg bites you! The warg bites you but does no damage.
The orc priest barely misses you.
You closely miss the orc priest.
The orc priest is almost dead.
The warg bites you.
* * * LOW HITPOINT WARNING * * *
You block the warg's attack. The orc priest barely misses you.
You riposte.
You closely miss the orc priest.
The orc priest is almost dead.
You closely miss the orc priest.
The orc priest is almost dead.
The warg barely misses you. The warg bites you!
* * * LOW HITPOINT WARNING * * *
The warg bites you!
You die...

#.# #..# #.#######.# #.#
###..####.........# #.#
#.................# #.#
#.#..#..>....####.# #.#
#.#..#.......# #.## ##.#
#)#..#.......# #... ...#
#.#..#.......## #### ####
######.#oh#........##
#......#@h#.......#.#####
#.######...###...........
#.# ##.........#.....###
#.# #....<..#..#.###.#
#.# #.......#....# #.#
#.# #.......##.#.###.#
#.# ##.....###.#.....#
#.# ##...## #.###.### #.#
##### #.# #.#


You could see 2 wargs and an orc priest.

Vanquished Creatures
  Grinder (D:4)
  A hippogriff (D:7)
  Duvessa (D:4)
  A sky beast (D:8)
  An orc warrior (D:7)
  3 ogres
  A phantom (D:6)
  2 centaurs
  A big kobold (Sewer)
  4 bullfrogs
  Dowan (D:4)
  3 scorpions
  2 howler monkeys
  3 crimson imps
  9 hounds
  A bullfrog skeleton (D:5)
  2 jellies (D:7)
  3 orc priests
  4 orc wizards
  Terence (D:2)
  3 iguanas
  5 worker ants
  A hound zombie (D:7)
  Robin (D:4)
  A howler monkey skeleton (D:7)
  6 adders
  An adder skeleton (D:6)
  2 worms
  2 dart slugs
  5 leopard geckos
  22 orcs
  5 giant cockroaches
  14 goblins
  5 hobgoblins
  A jackal (Sewer)
  5 quokkas
  4 bats (D:1)
  3 frilled lizards
  A jackal skeleton (D:4)
  10 kobolds
  A leopard gecko skeleton (D:7)
  10 rats
153 creatures vanquished.

Notes
Turn   | Place    | Note
-------+----------+-------------------------------------------
     0 | D:1      | unekdoud the Demonspawn Gladiator began the quest for the
                  | Orb.
     0 | D:1      | Reached XP level 1. HP: 16/16 MP: 1/1
   343 | D:1      | Gained mutation: Your flesh is heat resistant. (rF+)
                  | [demonic ancestry]
   343 | D:1      | Reached XP level 2. HP: 21/22 MP: 2/2
  1040 | D:2      | You fall into a shaft and drop 1 floor!
  1040 | D:3      | Found a glowing drain.
  1113 | Sewer    | Entered a sewer
  1276 | Sewer    | Noticed a big kobold
  1296 | Sewer    | Killed a big kobold
  1296 | Sewer    | Reached skill level 1 in Armour
  1296 | Sewer    | Gained mutation: You are partially covered in thin metallic
                  | scales. (AC +2) [demonic ancestry]
  1296 | Sewer    | Reached XP level 3. HP: 16/28 MP: 3/3
  1296 | Sewer    | Reached XP level 4. HP: 20/34 MP: 4/4
  1454 | Sewer    | Found a glowing silver altar of Zin.
  1526 | D:3      | Found a faded altar of an unknown god.
  1811 | D:3      | Found a glowing silver altar of Zin.
  1811 | D:3      | Found an opulent altar of Gozag.
  2102 | D:3      | Found an iron altar of Okawaru.
  2206 | D:3      | Noticed a bullfrog
  2218 | D:3      | Killed a bullfrog
  2218 | D:3      | Reached XP level 5. HP: 37/40 MP: 5/5
  2704 | D:2      | Noticed Terence
  2711 | D:2      | Killed Terence
  3122 | D:4      | Noticed an ogre
  3139 | D:4      | Noticed Robin
  3560 | D:4      | Noticed Dowan
  3561 | D:4      | Noticed Duvessa
  4027 | D:4      | Killed Duvessa
  4027 | D:4      | Reached skill level 1 in Long Blades
  4027 | D:4      | Reached XP level 6. HP: 41/47 MP: 6/6
  4032 | D:4      | Killed Dowan
  4601 | D:4      | Reached skill level 2 in Long Blades
  4601 | D:4      | Reached XP level 7. HP: 52/52 MP: 7/7
  4785 | D:4      | Noticed Grinder
  4790 | D:4      | Killed Robin
  4810 | D:4      | Paralysed by Grinder for 6 turns
  4817 | D:4      | Paralysed by Grinder for 7 turns
  4833 | D:4      | HP: 2/52 [Grinder (4)]
  4838 | D:4      | Killed Grinder
  4838 | D:4      | Reached skill level 3 in Long Blades
  4838 | D:4      | Reached skill level 1 in Stealth
  5110 | D:4      | Found Tizit's Lightly-Used Armoury.
  5537 | D:4      | Gained mutation: You are immune to clouds of flame.
                  | [demonic ancestry]
  5537 | D:4      | Reached XP level 8. HP: 60/60 MP: 8/8
  5567 | D:4      | Reached skill level 4 in Long Blades
  5697 | D:5      | Entered Level 5 of the Dungeon
  6629 | D:6      | HP: 2/60 [orc warrior/+2 war axe of freezing (3)]
  6868 | D:6      | Reached skill level 5 in Long Blades
  7817 | D:6      | Found a staircase to the Ecumenical Temple.
  7911 | Temple   | Entered the Ecumenical Temple
  7967 | Temple   | Became a worshipper of Qazlal Stormbringer
  8315 | D:7      | Noticed a hippogriff
  8323 | D:7      | Killed a hippogriff
  8323 | D:7      | Reached skill level 6 in Long Blades
  8328 | D:7      | Reached skill level 5 in Armour
  8338 | D:7      | Reached XP level 9. HP: 28/67 MP: 9/9
  8568 | D:7      | Reached skill level 5 in Fighting
  8585 | D:7      | Reached skill level 5 in Dodging
  8949 | D:7      | Reached * piety under Qazlal
  9872 | D:7      | Slain by a warg

Illustrated notes

Levels and vault maps discovered:
D:1:      lordsloth_arrival_two_stooges, layout_basic
D:2:      layout_basic, first_ration, uniq_terence
D:3:      layout_loops_ring, grunt_temple_overflow_gold_and_silver,
          cheibrodos_sewer_entry_bend, chequers_ecumenical_altar_simple,
          okawaru_ov_weapons_minmay
D:4:      layout_basic, minmay_shop_damaged, uniq_robin, uniq_grinder,
          uniq_duvessa
D:5:      layout_cave_pods, serial_bayou, serial_bayou_lake_a,
          serial_bayou_shore_a, serial_bayou_pond_c, serial_bayou_pond_d,
          serial_bayou_pond_a, serial_bayou_ford_a
D:6:      layout_loops_ring, temple_statues, kennysheep_pointless_box
D:7:      layout_loops_ring
D:8:      layout_loops_cross, minitemple, erik_lair_orcish_takeover,
          grunt_livestock
Temple:   eino_wide_crystal_templ

Skill      XL: |  1  2  3  4  5  6  7  8  9 |
---------------+----------------------------+-----
Dodging        | 3 4 5 |  5.2
Polearms       | 3 4 |  4.2
Armour         | 1 2 3 4 5 |  5.5
Fighting       | 3 4 5 |  5.4
Long Blades    | 1 2 3 6 |  6.9
Stealth        | 1 2 |  2.9
Throwing       | |  1.7

Action                   |  1- 3 |  4- 6 |  7- 9 || total
-------------------------+-------+-------+-------++-------
Melee: Trident           |    82 |    46 |       ||   128
       Falchion          |       |   110 |   281 ||   391
  Use: Scroll            |       |     5 |    15 ||    20
       Potion            |       |       |     8 ||     8
 Stab: Sleeping          |       |       |     6 ||     6
       Invisible         |       |       |     2 ||     2
  Eat: Ration            |     1 |     2 |     2 ||     5
       Chunk             |       |     2 |    10 ||    12
Armor: Leather armour    |     8 |       |       ||     8
       Ring mail         |    27 |    60 |    98 ||   185
       Plate armour      |       |       |    23 ||    23
Dodge: Dodged            |    45 |   123 |   215 ||   383
Block: Other             |       |       |     1 ||     1
       Rpst.: Falchion   |       |    26 |    62 ||    88
